 Dungeon Sprint DCSS version 0.32-a0-900-g30fb1b0edc (webtiles) character file.

Game seed: 5886744635652218451

1100000 Griffin23 the Blinker (level 13, -27/113 HPs)
             Began as a Formicid Warper on Apr 6, 2024.
             Was a Follower of Makhleb.
             Annihilated by a meat berserker
             ... wielding a +9 battleaxe
              (59 damage)
             ... in the Dungeon (Sprint VIII: "Arena of Blood").
             The game lasted 00:00:34 (11 turns).

Griffin23 the Blinker (Formicid Warper)               Turns: 11, Time: 00:00:34

Health: -27/113    AC:  4    Str: 16    XL:     13   Next: 12%
Magic:  3/29       EV: 17    Int: 14    God:    Makhleb [*.....]
Gold:   0          SH:  0    Dex: 17    Spells: 37/37 levels left

rFire   . . .        g - +∞ Axe of Woe
rCold   . . .        (no shield)
rNeg    . . .        b - +0 leather armour
rPois   .            (helmet unavailable)
rElec   .            (no cloak)
rCorr   .            (no gloves)
SInv    +            (no boots)
Will    +....        (no amulet)
Stlth   +            (no ring)
HPRegen 0.38/turn    (no ring)
MPRegen 0.21/turn

%: no passive effects
@: no status effects
A: permanent stasis, dig shafts and tunnels, antennae 3, four strong arms
a: Dig, Renounce Religion


You were in the Dungeon.
You worshipped Makhleb.
Makhleb was aware of your devotion.
You visited 1 branch

Inventory:

Hand Weapons
 a - a +0 hand axe
 g - the +∞ Axe of Woe (weapon)
   (You found it in the Dungeon)
Missiles
 c - 7 darts of dispersal (quivered)
Armour
 b - a +0 leather armour (worn)
Potions
 d - a potion of curing
 e - a potion of heal wounds
 f - 2 potions of magic


   Skills:
 * Level 14.1 Fighting
 * Level 13.9 Axes
 + Level 8.2 Throwing
 + Level 8.1 Armour
 + Level 10.5 Dodging
 + Level 12.8 Spellcasting
 + Level 17.4 Translocations


You had 37 spell levels left.
You didn't know any spells.
Your spell library contained the following spells:

 Spells                   Type           Power      Damage    Failure   Level
 Lesser Beckoning         Tloc           100%       N/A       0%          2
 Teleport Other           Tloc           55%        N/A       1%          3
 Blink                    Tloc           Unusable   N/A       N/A         2
 Maxwell's Portable Pile  Tloc           Unusable   2d(10-30) N/A         3
 Vhi's Electric Charge    Tloc/Air       Unusable   N/A       N/A         4

Dungeon Overview and Level Annotations

Branches:
Dungeon (1/1)

Altars:
Makhleb


Innate Abilities, Weirdness & Mutations

You cannot be hasted, slowed, berserked, paralysed or teleported.
You can dig through walls and to a lower floor.
You have a pair of large antennae on your head. (SInv)
Your four strong arms can wield two-handed weapons with a shield.


Message History

Your Axes skill gained 2 levels and is now at level 12!
Your Throwing skill gained 3 levels and is now at level 6!
Your Armour skill gained 4 levels and is now at level 6!
Your Dodging skill increases to level 9!
Your Spellcasting skill gained 2 levels and is now at level 12!
Your Translocations skill increases to level 17!
You have reached level 12!
You feel stronger.
A bag of meat comes into view. It is wielding a +9 war axe.
You hit the bag of meat but do no damage.
You dissect the bag of meat like a pig carcass.
You kill the bag of meat!
Makhleb accepts your kill.
The meat berserker appears out of thin air!
A meat berserker comes into view. It is wielding a +9 battleaxe.
The meat berserker shouts!
A bag of meat comes into view. It is wielding a +9 war axe.
The meat berserker hits you with a +9 battleaxe!!!!
Ouch! That really hurt!
* * * LOW HITPOINT WARNING * * *
The bag of meat shouts!
Your Fighting skill gained 2 levels and is now at level 14!
Your Axes skill increases to level 13!
Your Throwing skill gained 2 levels and is now at level 8!
Your Armour skill gained 2 levels and is now at level 8!
Your Dodging skill increases to level 10!
You have reached level 13!
Unknown command.
You slice the meat berserker!!
You cleave the meat berserker in twain.
You kill the meat berserker!
Makhleb accepts your kill.
The bag of meat appears out of thin air!
A bag of meat comes into view. It is wielding a +9 war axe.
The bag of meat appears out of thin air!
A bag of meat comes into view. It is wielding a +9 war axe.
The bag of meat shouts!
You hear a shout! x3
A bag of meat comes into view. It is wielding a +9 war axe.
The meat berserker hits you with a +9 battleaxe!!!
Ouch! That really hurt!
You die...

.........o.o
...........
...........
...o......
#.......#, . {
#.o...o.# ...
.###.....).###....
......###@).......
......O..O.......
..#.....#O......
#_.<._#.......
#.....#......#
......_..........
......###...O..o..
.###.. ...###....
{{#.. ...# ....


You could see 3 meat berserkers and 6 bags of meat.

Vanquished Creatures
  An ogre (D)
  3 orcs (D)
4 creatures vanquished.

Notes
Turn   | Place    | Note
-------+----------+-------------------------------------------
     0 | D        | Found the +∞ Axe of Woe
     0 | D        | Griffin23 the Formicid Warper began the quest for the Orb.
     0 | D        | Reached XP level 1. HP: 16/16 MP: 3/3
     2 | D        | Noticed a bag of meat
     3 | D        | Noticed a bag of meat
     4 | D        | Became a worshipper of Makhleb the Destroyer
     6 | D        | Noticed a meat berserker
     7 | D        | Killed a bag of meat
     7 | D        | Noticed a meat berserker
     7 | D        | Noticed a bag of meat
     8 | D        | Reached skill level 10 in Axes
     8 | D        | Reached skill level 10 in Spellcasting
     8 | D        | Reached skill level 16 in Translocations
     8 | D        | Reached XP level 2. HP: 34/34 MP: 3/13
     8 | D        | Reached XP level 3. HP: 40/40 MP: 3/15
     8 | D        | Reached XP level 4. HP: 46/46 MP: 3/16
     8 | D        | Reached XP level 5. HP: 52/52 MP: 3/18
     8 | D        | Reached XP level 6. HP: 59/59 MP: 3/19
     8 | D        | Reached XP level 7. HP: 64/64 MP: 3/21
     8 | D        | Reached XP level 8. HP: 71/71 MP: 3/22
     8 | D        | Reached XP level 9. HP: 77/77 MP: 3/23
     8 | D        | Reached XP level 10. HP: 83/83 MP: 3/24
     8 | D        | Reached XP level 11. HP: 89/89 MP: 3/25
     8 | D        | Killed a bag of meat
     8 | D        | Reached * piety under Makhleb
     8 | D        | Noticed a meat berserker
     8 | D        | Noticed a bag of meat
     9 | D        | Reached skill level 17 in Translocations
     9 | D        | Reached XP level 12. HP: 103/103 MP: 3/28
     9 | D        | Noticed a bag of meat
    10 | D        | Killed a bag of meat
    10 | D        | Noticed a meat berserker
    10 | D        | Noticed a bag of meat
    11 | D        | Reached skill level 10 in Dodging
    11 | D        | Reached XP level 13. HP: 32/113 MP: 3/29
    11 | D        | Killed a meat berserker
    11 | D        | Noticed a bag of meat
    11 | D        | Noticed a bag of meat
    11 | D        | Annihilated by a meat berserker

Illustrated notes

Levels and vault maps discovered:
D:        meatsprint

Skill      XL: |  1  2  3  4  5  6  7  8  9 10 11 12 |
---------------+-------------------------------------+-----
Fighting       | 9 12 14 | 14.1
Axes           | 10 12 13 | 13.9
Throwing       | 3 6 8 |  8.2
Armour         | 2 6 8 |  8.1
Dodging        | 8 9 10 | 10.5
Spellcasting   | 10 12 | 12.8
Translocations | 16 17 | 17.4

Action                     |  1- 3 |  4- 6 |  7- 9 | 10-12 | 13-15 || total
---------------------------+-------+-------+-------+-------+-------++-------
  Melee: Executioner's axe |     1 |       |       |     2 |     1 ||     4
 Armour: Leather armour    |       |       |       |     1 |     1 ||     2

Table legend: (Time is in decaauts)
 A = Elapsed time spent in this place.
 B = Non-inter-level travel time spent in this place.
 C = Inter-level travel time spent in this place.
 D = Time resting spent in this place.
 E = Time spent auto-exploring this place.
 F = Levels seen in this place.
 G = Mean time per level.
                   A        B        C        D        E       F      G
               +--------+--------+--------+--------+--------+-----+--------+
         Total |     11 |     11 |      0 |      0 |      0 |   1 |   11.0 |
       Dungeon |     11 |     11 |      0 |      0 |      0 |   1 |   11.0 |
               +--------+--------+--------+--------+--------+-----+--------+

Top non-repeatable levels by time:
       D: 11 daAuts
